 Dungeon Crawl Stone Soup version 0.31-a0-188-g5e087ee2ca (webtiles) character file.

Game seed: 17053830502231848391

8310 qw the Markself (level 11, -5/63 HPs)
             Began as a Deep Elf Hunter on June 23, 2023.
             Was a Believer of Okawaru.
             Slain by a yak (11 damage)
             ... on level 1 of the Lair of Beasts.
             The game lasted 00:04:08 (9480 turns).

qw the Markself (Deep Elf Hunter)                   Turns: 9480, Time: 00:04:08

Health: -5/63      AC: 14    Str: 12    XL:     11   Next: 8%
Magic:  14/16      EV: 20    Int: 17    God:    Okawaru [**....]
Gold:   356        SH:  0    Dex: 18    Spells: 10/10 levels left

rFire   + . .        Y - +0 triple crossbow
rCold   . . .        (shield currently unavailable)
rNeg    . . .        d - +1 scale mail {rF+}
rPois   .            l - +0 helmet of Vopt {Int+2}
rElec   .            f - +0 cloak
rCorr   +            b - +0 pair of gloves
SInv    .            a - +0 pair of boots
Will    +....        (no amulet)
Stlth   ++           n - +5 ring of evasion
HPRegen 0.30/turn    c - ring of resist corrosion
MPRegen 0.15/turn

%: no passive effects
@: heroic
A: no striking features
a: Renounce Religion, Heroism


You were on level 1 of the Lair of Beasts.
You worshipped Okawaru.
Okawaru was pleased with you.
You visited 2 branches of the dungeon, and saw 11 of its levels.

You collected 581 gold pieces.
You spent 225 gold pieces at shops.


   Skills:
 - Level 5.0(10.0) Fighting
 + Level 18.3(23.3) Ranged Weapons
 - Level 3.0(8.0) Armour
 - Level 7.6(12.6) Dodging
 - Level 1.2(6.2) Stealth
 - Level 4.1 Invocations


You had 10 spell levels left.
You didn't know any spells.
Your spell library was empty.

Inventory:

Hand Weapons
 Y - a +0 triple crossbow (weapon)
Armour
 a - a +0 pair of boots (worn)
 b - a +0 pair of gloves (worn)
 d - a +1 scale mail of fire resistance (worn)
 f - a +0 cloak (worn)
 l - the +0 helmet of Vopt (worn) {Int+2}
   (You took it off Robin on level 4 of the Dungeon)

   Int:       It affects your intelligence (+2).
 o - a +0 troll leather armour
Jewellery
 c - a ring of resist corrosion (right hand)
 n - a +5 ring of evasion (left hand)
Wands
 s - a wand of digging (6)
Scrolls
 h - a scroll of identify
Potions
 e - a potion of haste
 i - a potion of mutation
 j - 2 potions of curing
 k - a potion of resistance
 m - a potion of cancellation {unknown}
 p - a potion of heal wounds
 q - a potion of magic {unknown}
 r - a potion of might {unknown}

Dungeon Overview and Level Annotations

Branches:
Dungeon (10/15)            Temple (0/1) D:6            Lair (1/5) D:10
    Orc (0/2) D:10

Altars:
Ashenzari
Cheibriados
Dithmenos
Elyvilon
Fedhas
Gozag
Hepliaklqana
Kikubaaqudgha
Makhleb
Nemelex Xobeh
Okawaru
Qazlal
Ru
Sif Muna
Trog
Uskayaw
Vehumet
Wu Jian
Yredelemnul
Zin
The Shining One

Shops:
D:2 *   D:7 (

Annotations:
D:7 2 transporters, 1 runed translucent door, Crazy Yiuf; qw's ghost, novice GrFi


Message History

You shoot a bolt. The bolt hits the yak!
The yak is moderately wounded.
A yak comes into view.
The yak completely misses you.
You shoot a bolt. The yak bellows!
The bolt hits the yak!!
The yak is almost dead.
You hear a shout!
You hear a croak.
A spriggan comes into view. It is wielding a +0 short sword.
The yak barely misses you.
A spriggan comes into view. It is wielding a +0 dagger.
The yak gores you!
You shoot a bolt. The bolt barely misses the yak. x2
The spriggan shouts!
A bullfrog comes into view.
The yak misses you. The yak gores you but does no damage.
You shoot a bolt. The bolt barely misses the yak.
The bolt misses the spriggan.
The yak gores you but does no damage. The yak closely misses you.
The yak gores you but does no damage. The yak closely misses you.
The yak gores you! The yak gores you.
9477 ||| INVOKING Heroism.
You gain the combat prowess of a mighty hero.
The yak gores you! The yak completely misses you. The yak misses you.
You shoot a bolt. The bolt hits the yak!!
You kill the yak!
Okawaru accepts your kill. The yak gores you.
The yak gores you but does no damage. The bullfrog barely misses you.
You shoot a bolt.
The bolt hits the yak but does no damage.
The bullfrog closely misses you. The yak barely misses you.
The yak gores you but does no damage. The yak gores you!
The yak barely misses you. The spriggan barely misses you.
The yak closely misses you.
You shoot a bolt. The bolt hits the yak!!
The yak is almost dead.
The yak gores you but does no damage. The spriggan hits you with a +0 dagger!
The yak gores you. The yak gores you!
You die...

+ #. .#.. #.... .
.....Y##########..
.....ii@..........
......YYY.........
......F...........
..777.....<.......
. 7P7¤..........
.¤7¤7P###+##...
.77~777# ... 7P ..


7 You could see 4 yaks, 2 spriggans and a bullfrog.

Vanquished Creatures
  A gargoyle (D:6)
  2 trolls
  Prince Ribbit (D:8)
  A spriggan (Lair:1)
  2 wraiths
  2 vampires
  2 wyverns
  5 yaks
  8 steam dragons
  An acid dragon (D:8)
  Duvessa (D:7)
  2 water moccasins
  2 black bears
  4 orc warriors
  An ice beast (D:6)
  3 sky beasts
  3 ogres
  5 centaurs
  2 phantoms
  5 bullfrogs
  3 scorpions
  Dowan (D:7)
  10 wights
  7 hounds
  7 orc priests
  7 jellies
  Jessica (D:3)
  2 sleepcaps
  4 iguanas
  11 orc wizards
  Robin (D:4)
  10 adders
  4 gnolls (D:8)
  2 white imps
  5 ufetubi
  40 orcs
  2 bats
  8 endoplasms
  4 giant cockroaches
  15 goblins
  14 hobgoblins
  10 jackals
  4 kobolds
  2 quokkas
  3 training dummies (D:7)
  5 ball pythons
  4 frilled lizards
  6 rats
245 creatures vanquished.

Notes
Turn   | Place    | Note
-------+----------+-------------------------------------------
     0 | D:1      | qw the Deep Elf Hunter began the quest for the Orb.
     0 | D:1      | Reached XP level 1. HP: 12/12 MP: 3/3
     0 | D:1      | 0 ||| qw: Version: 0.3-a-9-g12657ce
     0 | D:1      | 0 ||| qw: Game counter: 3094
     0 | D:1      | 0 ||| qw: Always use a shield: true
     0 | D:1      | 0 ||| qw: God list: Okawaru
     0 | D:1      | 0 ||| qw: Allow faded altars: false
     0 | D:1      | 0 ||| qw: Do Orc after D:15 true
     0 | D:1      | 0 ||| qw: Do second Lair branch before Depths: true
     0 | D:1      | 0 ||| qw: Lair rune preference: random
     0 | D:1      | 0 ||| qw: Plans: Normal
     0 | D:1      | 0 ||| PLANNING D:1-11
    59 | D:1      | Reached XP level 2. HP: 16/16 MP: 4/4
    65 | D:1      | Reached skill level 6 in Ranged Weapons
   155 | D:1      | HP: 4/16 [goblin/+0 dagger (3)]
   371 | D:1      | Reached XP level 3. HP: 20/20 MP: 5/5
   508 | D:1      | 508 ||| UPGRADING to +0 ring mail.
   518 | D:1      | 518 ||| DROPPING +0 leather armour.
   519 | D:1      | 519 ||| READING scroll labelled OPTIROHUTSO.
   520 | D:1      | 520 ||| READING scroll labelled JYNOCZ HIUKLOT.
   521 | D:1      | 521 ||| READING scroll labelled POBBER WEAGI.
   522 | D:1      | 522 ||| DROPPING scroll of butterflies.
   643 | D:2      | Found a faded altar of an unknown god.
   799 | D:2      | Reached skill level 7 in Ranged Weapons
   918 | D:2      | Found Zekete's Assorted Antiques.
   923 | D:2      | 923 ||| BUYING brown potion (22 gold).
   923 | D:2      | Bought a brown potion for 22 gold pieces
   923 | D:2      | 923 ||| BUYING dark potion (22 gold).
   923 | D:2      | Bought a dark potion for 22 gold pieces
   923 | D:2      | 923 ||| SHOPLISTING lumpy brown potion (22 gold, have 10).
   923 | D:2      | 923 ||| SHOPLISTING murky yellow potion (22 gold, have 10).
   923 | D:2      | 923 ||| SHOPLISTING scroll labelled JOCISI ANIGGE (25 gold,
                  | have 10).
   923 | D:2      | 923 ||| SHOPLISTING scroll labelled LAANLOTATT (25 gold,
                  | have 10).
   923 | D:2      | 923 ||| SHOPLISTING scroll of identify (50 gold, have 10).
  1233 | D:2      | 1233 ||| UPGRADING to +0 pair of gloves.
  1238 | D:2      | 1238 ||| READING 3 scrolls labelled MEERUSMAGRE.
  1242 | D:2      | 1242 ||| READING scroll labelled ULYAN ZYNOPS.
  1243 | D:2      | 1243 ||| DRINKING 3 dark potions.
  1275 | D:3      | 1275 ||| DRINKING 2 potions of curing.
  1275 | D:3      | 1275 ||| (to cure confusion)
  1276 | D:3      | 1276 ||| DRINKING potion of curing.
  1276 | D:3      | 1276 ||| (to cure confusion)
  1282 | D:3      | HP: 4/20 [orc priest/divine providence (7)]
  1283 | D:3      | Reached XP level 4. HP: 5/25 MP: 6/6
  1283 | D:3      | 1283 ||| READING 2 scrolls of teleportation.
  1294 | D:3      | 1294 ||| READING scroll of teleportation.
  1430 | D:3      | Noticed Jessica
  1435 | D:3      | Killed Jessica
  1436 | D:3      | Reached skill level 8 in Ranged Weapons
  1531 | D:3      | Found a snail-covered altar of Cheibriados.
  1550 | D:3      | Reached XP level 5. HP: 29/29 MP: 7/7
  1568 | D:3      | Found an iron altar of Okawaru.
  1568 | D:3      | Found a blossoming altar of Fedhas.
  1569 | D:3      | 1569 ||| PLANNING OKAWARU WORSHIP
  1569 | D:3      | 1569 ||| UPGRADING to +0 pair of boots.
  1569 | D:3      | Found a basalt altar of Yredelemnul.
  1581 | D:3      | Became a worshipper of Warmaster Okawaru
  1582 | D:3      | 1582 ||| PLANNING D:1-11
  1617 | D:3      | Reached skill level 9 in Ranged Weapons
  1905 | D:3      | Found a radiant altar of Vehumet.
  2470 | D:4      | Reached skill level 1 in Armour
  2495 | D:4      | 2495 ||| Stepping ~*~*~tactically~*~*~ (water).
  2538 | D:4      | Reached XP level 6. HP: 34/35 MP: 8/8
  2616 | D:4      | 2616 ||| STAIRDANCE
  2664 | D:4      | Found a white marble altar of Elyvilon.
  2670 | D:4      | Found an ancient bone altar of Kikubaaqudgha.
  2893 | D:4      | Identified the +0 helmet of Vopt {Int+2}
  2893 | D:4      | Noticed Robin
  2920 | D:4      | Killed Robin
  3172 | D:4      | HP: 7/35 [ogre/+0 giant club (28)]
  3173 | D:4      | 3173 ||| READING scroll of teleportation.
  3176 | D:4      | Reached * piety under Okawaru
  3177 | D:4      | Reached skill level 10 in Ranged Weapons
  3347 | D:4      | Found a shadowy altar of Dithmenos.
  3435 | D:4      | 3435 ||| UPGRADING to +0 helmet of Vopt {Int+2}.
  3440 | D:4      | 3440 ||| READING 3 scrolls labelled HEOQOH JYES.
  3502 | D:4      | 3502 ||| DRINKING 2 fizzy clear potions.
  3503 | D:4      | 3503 ||| DROPPING 2 scrolls of torment.
  3544 | D:5      | Entered Level 5 of the Dungeon
  3546 | D:5      | 3546 ||| STAIRDANCE
  3599 | D:5      | 3599 ||| STAIRDANCE
  3658 | D:5      | 3658 ||| STAIRDANCE
  3721 | D:5      | 3721 ||| STAIRDANCE
  3766 | D:5      | 3766 ||| STAIRDANCE
  3803 | D:5      | 3803 ||| STAIRDANCE
  3831 | D:5      | 3831 ||| STAIRDANCE
  3881 | D:5      | 3881 ||| STAIRDANCE
  3908 | D:5      | Reached skill level 3 in Dodging
  3908 | D:5      | Reached skill level 1 in Invocations
  3908 | D:5      | Reached XP level 7. HP: 39/40 MP: 8/10
  3911 | D:5      | 3911 ||| STAIRDANCE
  3973 | D:5      | 3973 ||| INVOKING Heroism.
  4001 | D:5      | 4001 ||| INVOKING Heroism.
  4049 | D:5      | 4049 ||| INVOKING Heroism.
  4083 | D:5      | 4083 ||| INVOKING Heroism.
  4093 | D:5      | Reached skill level 3 in Invocations
  4109 | D:5      | Found a glowing silver altar of Zin.
  4183 | D:5      | Reached skill level 11 in Ranged Weapons
  4304 | D:5      | Reached XP level 8. HP: 38/44 MP: 13/13
  4443 | D:5      | 4443 ||| SWAPPING to +0 orcbow.
  4447 | D:5      | 4447 ||| DROPPING +0 shortbow.
  4465 | D:5      | 4465 ||| DRINKING 2 brown potions.
  4479 | D:6      | Found a burning altar of Makhleb.
  4495 | D:6      | Reached skill level 12 in Ranged Weapons
  4644 | D:6      | 4644 ||| UPGRADING to +5 ring of evasion.
  4661 | D:6      | 4661 ||| INVOKING Heroism.
  4664 | D:6      | Reached skill level 3 in Fighting
  4669 | D:6      | Reached ** piety under Okawaru
  4676 | D:6      | 4676 ||| FLEEEEING.
  4678 | D:6      | 4678 ||| FLEEEEING.
  4679 | D:6      | 4679 ||| FLEEEEING.
  4680 | D:6      | 4680 ||| INVOKING Heroism.
  4705 | D:6      | 4705 ||| INVOKING Heroism.
  4712 | D:6      | HP: 10/46 [wyvern (5)]
  4713 | D:6      | 4713 ||| READING scroll of teleportation.
  4714 | D:6      | 4714 ||| DRINKING potion of heal wounds.
  4851 | D:6      | Reached skill level 13 in Ranged Weapons
  4871 | D:6      | 4871 ||| INVOKING Heroism.
  4948 | D:6      | 4948 ||| INVOKING Heroism.
  4985 | D:6      | 4985 ||| INVOKING Heroism.
  4996 | D:6      | Reached XP level 9. HP: 49/50 MP: 12/14
  5113 | D:6      | Found a staircase to the Ecumenical Temple.
  5206 | D:6      | Reached skill level 14 in Ranged Weapons
  5225 | D:6      | Found a sacrificial altar of Ru.
  5394 | D:6      | 5394 ||| READING scroll labelled JOCISI ANIGGE.
  5442 | D:6      | 5442 ||| INVOKING Heroism.
  5503 | D:6      | Noticed a gargoyle
  5507 | D:6      | 5507 ||| INVOKING Heroism.
  5514 | D:6      | HP: 7/50 [gargoyle/stone arrow (15)]
  5515 | D:6      | Killed a gargoyle
  5516 | D:6      | Reached skill level 3 in Armour
  5679 | D:6      | Identified the +4 broad axe "Huxehel" {venom, rElec Int+2}
  5691 | D:6      | 5691 ||| READING scroll labelled PALIEH YSUIPRUHUC.
  5692 | D:6      | 5692 ||| READING 2 scrolls of identify.
  5692 | D:6      | 5692 ||| IDENTIFYING amethyst potion
  5693 | D:6      | 5693 ||| DROPPING potion of degeneration.
  5704 | D:6      | 5704 ||| INVOKING Heroism.
  5751 | D:6      | 5751 ||| INVOKING Heroism.
  5881 | D:6      | 5881 ||| INVOKING Heroism.
  5921 | D:6      | 5921 ||| INVOKING Heroism.
  5927 | D:6      | Reached skill level 15 in Ranged Weapons
  6045 | D:6      | 6045 ||| DRINKING 2 metallic dark potions.
  6067 | D:6      | 6067 ||| DROPPING potion of lignification.
  6352 | D:7      | Found an ornate altar of the Wu Jian Council.
  6368 | D:7      | Noticed qw's ghost (novice GrFi)
  6369 | D:7      | Found a transporter.
  6374 | D:7      | Found a transporter.
  6381 | D:7      | Found Ziptirixku's Firing Range.
  6390 | D:7      | 6390 ||| BUYING +0 longbow (71 gold).
  6390 | D:7      | Bought a +0 longbow for 71 gold pieces
  6390 | D:7      | 6390 ||| BUYING +0 triple crossbow (110 gold).
  6390 | D:7      | Bought a +0 triple crossbow for 110 gold pieces
  6390 | D:7      | 6390 ||| SHOPLISTING +1 triple crossbow of flaming (275
                  | gold, have 66).
  6390 | D:7      | 6390 ||| SWAPPING to +0 triple crossbow.
  6391 | D:7      | 6391 ||| DROPPING +0 longbow.
  6392 | D:7      | 6392 ||| DROPPING +0 orcbow.
  6399 | D:7      | 6399 ||| INVOKING Heroism.
  6461 | D:7      | Found an opulent altar of Gozag.
  6510 | D:7      | Found a runed translucent door.
  6511 | D:7      | Noticed Crazy Yiuf
  6539 | D:7      | 6539 ||| INVOKING Heroism.
  6548 | D:7      | Reached XP level 10. HP: 57/57 MP: 13/15
  6660 | D:7      | 6660 ||| INVOKING Heroism.
  6791 | D:7      | Noticed Dowan
  6797 | D:7      | Killed Dowan
  6798 | D:7      | Reached skill level 16 in Ranged Weapons
  6820 | D:7      | Noticed Duvessa
  6821 | D:7      | 6821 ||| INVOKING Heroism.
  6826 | D:7      | Killed Duvessa
  6859 | D:7      | Found a shimmering blue altar of Sif Muna.
  6870 | D:7      | Found a bloodstained altar of Trog.
  6951 | D:7      | Reached skill level 6 in Dodging
  7211 | D:7      | 7211 ||| READING scroll labelled YCWECV RYS QAT.
  7211 | D:7      | Identified a scroll of acquirement
  7211 | D:7      | 7211 ||| ACQUIRING ring of resist corrosion
  7211 | D:7      | Acquired a ring of resist corrosion
  7213 | D:7      | 7213 ||| UPGRADING to ring of resist corrosion.
  7214 | D:7      | 7214 ||| READING 2 scrolls labelled DUJOFFOFAE.
  7215 | D:7      | 7215 ||| DROPPING scroll of poison.
  7217 | D:7      | 7217 ||| Stepping ~*~*~tactically~*~*~ (cloud).
  7350 | D:8      | Found a broken altar of Ashenzari.
  7400 | D:8      | Found a glowing golden altar of the Shining One.
  7401 | D:8      | 7401 ||| INVOKING Heroism.
  7576 | D:8      | 7576 ||| INVOKING Heroism.
  7582 | D:8      | 7582 ||| Stepping ~*~*~tactically~*~*~ (cloud).
  7755 | D:8      | Noticed Prince Ribbit
  7757 | D:8      | Found a sparkling altar of Nemelex Xobeh.
  7763 | D:8      | Killed Prince Ribbit
  7764 | D:8      | Reached skill level 17 in Ranged Weapons
  7800 | D:8      | 7800 ||| INVOKING Heroism.
  7986 | D:8      | 7986 ||| UPGRADING to +0 cloak.
  7991 | D:8      | 7991 ||| READING scroll labelled LAANLOTATT.
  7992 | D:8      | 7992 ||| READING 3 scrolls of identify.
  7992 | D:8      | 7992 ||| IDENTIFYING golden potion
  7993 | D:8      | 7993 ||| READING 2 scrolls of identify.
  7993 | D:8      | 7993 ||| IDENTIFYING lumpy brown potion
  7994 | D:8      | 7994 ||| DROPPING potion of berserk rage.
  8278 | D:9      | 8278 ||| INVOKING Heroism.
  8528 | D:9      | Identified the +5 quarterstaff of Wounding {freeze, Str+3}
  8632 | D:9      | Reached skill level 18 in Ranged Weapons
  8668 | D:9      | Found a hazy altar of Hepliaklqana.
  8706 | D:9      | 8706 ||| UPGRADING to +0 troll leather armour.
  8716 | D:9      | 8716 ||| DROPPING +0 ring mail.
  8717 | D:9      | 8717 ||| DROPPING ring of magical power.
  8742 | D:10     | Entered Level 10 of the Dungeon
  8771 | D:10     | 8771 ||| INVOKING Heroism.
  8889 | D:10     | 8889 ||| INVOKING Heroism.
  8932 | D:10     | Found a staircase to the Lair.
  8997 | D:10     | Found a stormy altar of Qazlal.
  9062 | D:10     | Found a staircase to the Orcish Mines.
  9063 | D:10     | 9063 ||| INVOKING Heroism.
  9114 | D:10     | 9114 ||| INVOKING Heroism.
  9116 | D:10     | Reached XP level 11. HP: 63/63 MP: 13/16
  9177 | D:10     | Found a hide-covered altar of Uskayaw.
  9371 | D:10     | 9371 ||| INVOKING Heroism.
  9411 | D:10     | 9411 ||| PLANNING LAIR
  9411 | D:10     | 9411 ||| UPGRADING to +1 scale mail of fire resistance.
  9421 | D:10     | 9421 ||| DRINKING 2 viscous golden potions.
  9422 | D:10     | 9422 ||| DRINKING 3 potions of curing.
  9422 | D:10     | 9422 ||| (to cure confusion)
  9423 | D:10     | 9423 ||| READING 2 scrolls of identify.
  9423 | D:10     | 9423 ||| IDENTIFYING smoky brown potion
  9424 | D:10     | 9424 ||| DROPPING potion of ambrosia.
  9458 | Lair:1   | Entered Level 1 of the Lair of Beasts
  9477 | Lair:1   | 9477 ||| INVOKING Heroism.
  9480 | Lair:1   | HP: 9/63 [spriggan/+0 dagger (9)]
  9480 | Lair:1   | Slain by a yak

Levels and vault maps discovered:
D:1:      mushboom_english_gardens, layout_basic, minmay_tetromino_t2
D:2:      layout_loops_cross, serial_shops, nicolae_shop_just_a_little_nook,
          shapermc_ecumenical_altar_ellora
D:3:      wad_crossroads, layout_loops_ring, mainiacjoe_overflow_cross_hatched,
          gammafunk_temple_overflow_claw, nicolae_overflow_hidden_temple,
          grunt_ministairs_14, uniq_jessica
D:4:      layout_loops_ring, kennysheep_mini, minitemple, serial_bayou,
          serial_bayou_shore_b, serial_bayou_pond_d, serial_bayou_pond_e,
          serial_bayou_pond_b, st_stairs_14, small_statue_intersection,
          uniq_robin
D:5:      layout_cave_pools, zin_academy
D:6:      kennysheep_windowed_halls, layout_loops_ring, lemuel_round_altar,
          nicolae_ru_the_path_less_chosen, minmay_temple_entry_poolview
D:7:      minmay_razor_zed, layout_basic, nzn_overflow_gifts_of_might_and_magic,
          nicolae_wu_jian_wuxing_cycle, grunt_gozag_statues,
          gammafunk_ghost_arena, nicolae_shop_firing_range,
          uniq_crazy_yiuf_cottage
D:8:      layout_rooms, overflow_temple_1_default,
          mainiacjoe_overflow_six_doors_small, lemuel_round_altar,
          uniq_prince_ribbit1
D:9:      layout_irregular_city, mainiacjoe_overflow_small_starburst
D:10:     layout_loops_ring, amcnicky_altar_gilded,
          mainiacjoe_overflow_24_doors, lair_entry_dummy, david_orc_2
Lair:1:   statuecave_lemuel, layout_regular_city, ebering_ghost_disaster_area,
          enter_volcano_4, wad_woods_01, serial_bayou_shore_a, uniq_harold

Skill      XL: |  1  2  3  4  5  6  7  8  9 10 |
---------------+-------------------------------+-----
Ranged Weapons | 6 7 8 9 10 11 13 15 18 | 18.3
Fighting       | 2 3 4 5 |  5.0
Armour         | 1 3 |  3.0
Dodging        | 3 4 5 7 |  7.6
Invocations    | 1 4 |  4.1
Stealth        | |  1.2

Action                     |  1- 3 |  4- 6 |  7- 9 | 10-12 || total
---------------------------+-------+-------+-------+-------++-------
   Fire: Shortbow          |    98 |   206 |    78 |       ||   382
         Orcbow            |       |       |   223 |       ||   223
         Triple crossbow   |       |       |    18 |   166 ||   184
 Invoke: Heroism           |       |       |    18 |    12 ||    30
    Use: Scroll            |     5 |     4 |     4 |     6 ||    19
         Potion            |     3 |     1 |     3 |     2 ||     9
 Armour: Leather armour    |     5 |       |       |       ||     5
         Ring mail         |    10 |    48 |    55 |    10 ||   123
         Scale mail        |       |       |       |     6 ||     6
  Dodge: Dodged            |    30 |    70 |   120 |    85 ||   305

Table legend:
 A = Non-vault XP
 B = Vault XP
 C = Vault XP percentage of total XP
 D = Non-vault monster count
 E = Vault monster count
 F = Vault count percentage of total count
                 A         B        C        D         E       F
            +---------+---------+-------+---------+---------+-------
      Total |    8175 |    3697 |  31.1 |     175 |      70 |  28.6
            +---------+---------+-------+---------+---------+-------
        D:1 |      38 |       3 |   7.3 |      21 |       2 |   8.7
        D:2 |      50 |       0 |   0.0 |       9 |       0 |   0.0
        D:3 |     174 |      47 |  21.3 |      24 |       7 |  22.6
        D:4 |     265 |      81 |  23.4 |      16 |      17 |  51.5
        D:5 |     837 |       0 |   0.0 |      19 |       0 |   0.0
        D:6 |    1045 |    2030 |  66.0 |      23 |      20 |  46.5
        D:7 |     895 |     893 |  49.9 |      15 |      15 |  50.0
        D:8 |    1413 |     277 |  16.4 |      16 |       1 |   5.9
        D:9 |    1599 |       0 |   0.0 |      14 |       0 |   0.0
       D:10 |    1448 |     151 |   9.4 |      16 |       7 |  30.4
     Lair:1 |     411 |     215 |  34.3 |       2 |       1 |  33.3
            +---------+---------+-------+---------+---------+-------
